 Dungeon Crawl Stone Soup version 0.31-a0-489-g282fc92437 (webtiles) character file.

Game seed: 6677813454444231494

1272 GordonOverkill the Slicer (level 8, 0/78 HPs)
             Began as an Octopode Delver on Aug 8, 2023.
             Was a Priest of Vehumet.
             Succumbed to a water moccasin's poison
             ... on level 5 of the Dungeon.
             The game lasted 00:16:11 (5399 turns).

GordonOverkill the Slicer (Octopode Delver)         Turns: 5399, Time: 00:16:12

Health: 0/78       AC: 24    Str: 11    XL:     8   Next: 53%
Magic:  3/8        EV:  2    Int: 13    God:    Vehumet [***...]
Gold:   574        SH:  0    Dex: 17    Spells: 7/7 levels left

rFire   . . .        n - +12 short sword of Grontol {freeze, rF+ rC- SInv}
rCold   . . .        (no shield)
rNeg    . . .        (helmet currently unavailable)
rPois   +            B - amulet of guardian spirit
rElec   .            h - ring of ice
rCorr   .            (no ring)
SInv    +            (no ring)
Will    +....        (no ring)
Stlth   +++          (no ring)
HPRegen 0.33/turn    (no ring)
MPRegen 0.11/turn    (no ring)
                     (no ring)

%: guardian spirit
@: lethally poisoned (0 -> 0), tree-form, enlightened
A: stationary, stasis, torment immunity, boosted hp, almost no armour,
(amphibious), 8 rings, (camouflage 1), (gelatinous body 1), (nimble swimmer 1),
(tentacles), agile 1, (cold resistance 1)
a: Renounce Religion


You were on level 5 of the Dungeon.
You worshipped Vehumet.
Vehumet was most pleased with you.
You were a tree.
You visited 2 branches of the dungeon, and saw 10 of its levels.
You also visited: Sewer.

You collected 574 gold pieces.

Inventory:

Hand Weapons
 a - a +0 short sword of freezing
 n - the +12 short sword of Grontol (weapon) {freeze, rF+ rC- SInv}
   (You found it on level 9 of the Dungeon)

   rF:        It protects you from fire.
   rC:        It makes you vulnerable to cold.
   SInv:      It lets you see invisible.
Missiles
 d - 3 boomerangs
 w - 4 poisoned darts
Jewellery
 h - a ring of ice (left branch)
 A - a ring of see invisible
 B - an amulet of guardian spirit (around neck)
Talismans
 i - a blade talisman
 u - a granite talisman
Wands
 f - a wand of digging (3)
 k - a wand of flame (23)
Scrolls
 b - a scroll of fog
 c - 4 scrolls of revelation
 j - 3 scrolls of blinking
 l - a scroll of fear
 m - 2 scrolls of vulnerability
 o - 2 scrolls of enchant armour
 q - a scroll of enchant weapon
 r - 2 scrolls of identify
 t - 3 scrolls of teleportation
 x - 2 scrolls of silence
 z - 2 scrolls of amnesia
Potions
 e - a potion of brilliance
 g - a potion of magic
 s - 5 potions of enlightenment
 v - a potion of haste


   Skills:
 - Level 3.0 Fighting
 * Level 8.2 Short Blades
 - Level 2.0 Throwing
 - Level 2.0 Dodging
 - Level 6.6 Stealth
 - Level 3.3 Unarmed Combat
 + Level 3.4 Shapeshifting


You had 7 spell levels left.
You didn't know any spells.
Your spell library was empty.

Dungeon Overview and Level Annotations

Branches:
Dungeon (9/15)             Temple (1/1) D:6           Sewer (visited)
   Lair: D:8-11         Orc: D:9-12

Altars:
Ashenzari
Cheibriados
Dithmenos
Elyvilon
Fedhas
Gozag
Kikubaaqudgha
Makhleb
Nemelex Xobeh
Okawaru
Qazlal
Ru
Sif Muna
Trog
Vehumet
Wu Jian
Xom
Yredelemnul
Zin
The Shining One

Shops:
D:5 *

Annotations:
D:7 exclusion: ugly thing
D:8 exclusions: cyclops and water moccasin
D:9 exclusions: acid dragon, hornet and orc, Erolcha


Innate Abilities, Weirdness & Mutations

You are a tree.
Your roots penetrate the ground, keeping you stationary.
You cannot be teleported.
You are immune to unholy pain and torment.
Your maximum health is greatly increased.
You cannot wear most types of armour.
((You are amphibious.))
You can wear up to eight rings at the same time.
((Your skin changes colour to match your surroundings (Stealth+).))
((Your rubbery body absorbs attacks. (AC +1, EV +1)))
((You are camouflaged when in or above water. (Stealth+)))
((You have tentacles for arms and can constrict up to eight enemies at once.))
You are agile. (Dex +4, Str/Int -1)
((Your flesh is cold resistant. (rC+)))


Message History

You puncture the adder!
The adder seems to slow down.
You freeze the adder.
The adder is severely wounded.
* * * LOW HITPOINT WARNING * * *
You feel sick. The adder bites you but does no damage.
You closely miss the adder. You punch the adder.
You kill the adder!
Vehumet accepts your kill.
* * * LOW HITPOINT WARNING * * *
You feel sick.
Okay, then.
Unknown command.
Okay, then.
Unknown command.
Okay, then.
You feel extremely strange.
You no longer feel strong-willed.
Your iridescent scales disappear.
You feel resistant to cold.
You feel agile.
* * * LOW HITPOINT WARNING * * *
You feel sick.
Unknown command.
As you read the scroll labelled PERACVOYPS, it crumbles to dust.
The air around you briefly surges with heat, but it dissipates.
It was a scroll of immolation.
* * * LOW HITPOINT WARNING * * *
You feel sick.
As you read the scroll labelled CYNAEL SOCWA, it crumbles to dust.
It is a scroll of brand weapon.
Your +0 short sword is covered with a thin layer of ice!
a - a +0 short sword of freezing
* * * LOW HITPOINT WARNING * * *
You feel sick.
Okay, then.
Your roots keep you in place.
* * * LOW HITPOINT WARNING * * *
You feel sick.
* * * LOW HITPOINT WARNING * * *
You feel sick.
* * * LOW HITPOINT WARNING * * *
You feel sick.
You die...

######### #.......#
#.......# #.......#
####.......# ###
#.........## ..#
#........<# ..# #.........#
..# ####..##♣##..######
..#######>#..##..†#.......#
..#.......#...#.∩.#.......#
..#.......#...#...#.......#
..#.......#...##+##.......#
..###'##.###..# #........#
..##..##+###..# #######'##
..............# #......#
..............# #......#


There were no monsters in sight!

Vanquished Creatures
  Eustachio (D:4)
  Edmund (D:4)
  A water moccasin (D:5)
  A sky beast (D:7)
  A phantom (D:3)
  3 bullfrogs
  A howler monkey (D:4)
  2 hounds
  A jelly (D:8)
  An orc priest (D:8)
  Ijyb (D:4)
  2 iguanas
  An orc wizard (D:4)
  13 adders
  A river rat (Sewer)
  A shadow imp (D:5)
  2 worms (D:3)
  5 dart slugs
  12 orcs
  18 bats
  4 endoplasms
  10 giant cockroaches
  10 goblins
  9 hobgoblins
  7 jackals
  6 kobolds
  10 quokkas
  8 ball pythons
  6 frilled lizards
  6 rats
145 creatures vanquished.

Notes
Turn   | Place    | Note
-------+----------+-------------------------------------------
     0 | D:5      | GordonOverkill the Octopode Delver began the quest for the
                  | Orb.
     0 | D:5      | Reached XP level 1. HP: 16/16 MP: 1/1
   130 | D:6      | Noticed an iguana
   141 | D:6      | Killed an iguana
   142 | D:6      | Reached skill level 1 in Unarmed Combat
   142 | D:6      | Reached skill level 1 in Shapeshifting
   142 | D:6      | Reached XP level 2. HP: 5/21 MP: 2/2
   142 | D:6      | Reached XP level 3. HP: 6/26 MP: 3/3
   232 | D:7      | Noticed a wyvern
   253 | D:7      | Noticed a sky beast
   259 | D:7      | Noticed a cyan ugly thing
   325 | D:9      | Noticed a yak
   432 | D:8      | Noticed a bullfrog
   441 | D:8      | Killed a bullfrog
   442 | D:8      | Reached skill level 1 in Throwing
   442 | D:8      | Reached XP level 4. HP: 31/31 MP: 4/4
   601 | D:8      | Noticed a bullfrog
   609 | D:8      | Killed a bullfrog
   610 | D:8      | Reached XP level 5. HP: 33/36 MP: 5/5
   648 | D:8      | Noticed a cyclops
   750 | D:9      | Noticed a kobold brigand
  1197 | D:8      | Found a stormy altar of Qazlal.
  1198 | D:8      | Found a sparkling altar of Nemelex Xobeh.
  1199 | D:8      | Found a glowing golden altar of the Shining One.
  1334 | D:8      | Noticed a water moccasin
  1632 | D:9      | Noticed an acid dragon
  1645 | D:9      | Noticed an orc warrior
  1688 | D:9      | Noticed a hornet
  1694 | D:9      | Noticed Erolcha
  1896 | D:9      | Identified the +12 short sword of Grontol {freeze, rF+ rC-
                  | SInv}
  2056 | D:7      | Reached skill level 3 in Short Blades
  2056 | D:7      | Reached XP level 6. HP: 42/42 MP: 6/6
  2069 | D:7      | Killed a sky beast
  2091 | D:7      | Reached skill level 4 in Short Blades
  2125 | D:6      | Found a staircase to the Ecumenical Temple.
  2133 | Temple   | Entered the Ecumenical Temple
  2138 | Temple   | Became a worshipper of Vehumet
  2390 | D:6      | Reached XP level 7. HP: 46/46 MP: 7/7
  2451 | D:4      | Noticed Eustachio
  2459 | D:4      | Killed Eustachio
  2460 | D:4      | Reached skill level 5 in Short Blades
  2484 | D:4      | Noticed Ijyb
  2492 | D:4      | Killed Ijyb
  2526 | D:4      | Found a glowing drain.
  2545 | Sewer    | Entered a sewer
  2556 | Sewer    | Reached * piety under Vehumet
  2556 | Sewer    | Offered knowledge of Kiss of Death by Vehumet.
  2581 | Sewer    | Reached skill level 6 in Short Blades
  3044 | D:4      | Noticed Edmund
  3054 | D:4      | Killed Edmund
  3054 | D:4      | Offered knowledge of Searing Ray by Vehumet.
  3055 | D:4      | Reached skill level 7 in Short Blades
  3055 | D:4      | Reached XP level 8. HP: 30/52 MP: 8/8
  3191 | D:3      | Reached ** piety under Vehumet
  3298 | D:3      | Found a shadowy altar of Dithmenos.
  3819 | D:1      | Offered knowledge of Dazzling Flash by Vehumet.
  4177 | D:1      | Reached *** piety under Vehumet
  4485 | D:2      | Found a faded altar of an unknown god.
  5104 | D:4      | Found a sacrificial altar of Ru.
  5379 | D:5      | Found Weampech's Serpentskin Sales.
  5386 | D:5      | Gained mutation: You are partially covered in iridescent
                  | scales. (AC +2) [potion of mutation]
  5386 | D:5      | Gained mutation: You are strong-willed. (Will+) [potion of
                  | mutation]
  5390 | D:5      | Reached skill level 8 in Short Blades
  5393 | D:5      | Lost mutation: You are strong-willed. (Will+) [potion of
                  | mutation]
  5393 | D:5      | Lost mutation: You are partially covered in iridescent
                  | scales. (AC +2) [potion of mutation]
  5393 | D:5      | Gained mutation: Your flesh is cold resistant. (rC+)
                  | [potion of mutation]
  5393 | D:5      | Gained mutation: You are agile. (Dex +4, Str/Int -1)
                  | [potion of mutation]
  5395 | D:5      | HP: 3/78 [poisoned by a water moccasin]
  5398 | D:5      | HP: 1/78 [poisoned by a water moccasin]
  5399 | D:5      | Succumbed to a water moccasin's poison

Illustrated notes

Levels and vault maps discovered:
D:1:      lightli_iron_boxes, layout_loops_ring
D:2:      layout_basic, ebering_ecumenical_altar_petrified
D:3:      layout_rooms, marbit_many_paths, st_stairs_1
D:4:      layout_rooms, nicolae_ru_great_annihilating_truth,
          portal_sewer_entry_f, uniq_eustachio, uniq_edmund, uniq_ijyb
D:5:      layout_gridville, nicolae_overflow_crystal_walls, minmay_hedge_maze,
          guppyfry_shop_venom
D:6:      layout_loops_corners, minmay_temple_entry_glassed_door,
          dreamdust_wishing_well
D:7:      layout_rooms, mainiacjoe_overflow_alcove_1
D:8:      layout_basic, grunt_temple_overflow_open
D:9:      layout_basic, david_lair_shrubbed, nicolae_elevator_lobby_plus,
          uniq_erolcha
Temple:   hellmonk_temple_of_storms

Skill      XL: |  1  2  3  4  5  6  7  8 |
---------------+-------------------------+-----
Unarmed Combat | 1 2 3 |  3.3
Shapeshifting  | 1 2 3 |  3.4
Throwing       | 1 2 |  2.0
Short Blades   | 3 4 7 8 |  8.2
Fighting       | |  3.0
Dodging        | |  2.0
Stealth        | |  6.6

Action                     |  1- 3 |  4- 6 |  7- 9 || total
---------------------------+-------+-------+-------++-------
  Melee: Short sword       |    11 |    22 |   169 ||   202
         Tentacles         |     4 |     3 |    18 ||    25
         Constrict         |     3 |     5 |    19 ||    27
         Punch             |     1 |     1 |     1 ||     3
  Evoke: Wand              |       |     2 |       ||     2
    Use: Scroll            |     1 |     1 |    13 ||    15
         Potion            |       |     2 |     5 ||     7
   Stab: Sleeping          |     1 |     4 |    56 ||    61
         Distracted        |       |     1 |       ||     1
         Paralysed         |       |       |     1 ||     1
 Armour: Skin              |       |     1 |    13 ||    14
  Dodge: Dodged            |     7 |    11 |    55 ||    73
         Form:             |       |     1 |       ||     1
         Blade             |       |     1 |       ||     1

Table legend: (Time is in decaauts)
 A = Elapsed time spent in this place.
 B = Non-inter-level travel time spent in this place.
 C = Inter-level travel time spent in this place.
 D = Time resting spent in this place.
 E = Time spent auto-exploring this place.
 F = Levels seen in this place.
 G = Mean time per level.
                   A        B        C        D        E       F      G
               +--------+--------+--------+--------+--------+-----+--------+
         Total |   5319 |   4885 |    434 |    790 |   2163 |  11 |  483.5 |
       Dungeon |   4868 |   4438 |    430 |    734 |   1933 |   9 |  540.9 |
        Temple |     10 |      6 |      4 |      0 |      0 |   1 |   10.0 |
         Sewer |    440 |    440 |      0 |     56 |    230 |   1 |  440.0 |
               +--------+--------+--------+--------+--------+-----+--------+

Top non-repeatable levels by time:
     D:8: 1249 daAuts
     D:1: 685 daAuts
     D:4: 555 daAuts
     D:3: 553 daAuts
     D:2: 524 daAuts
     D:9: 514 daAuts
   Sewer: 440 daAuts
     D:6: 419 daAuts
     D:5: 262 daAuts
     D:7: 104 daAuts
  Temple: 10 daAuts
